 Dungeon Crawl Stone Soup version 0.30-a0-331-g8ab09dc110 (webtiles) character file.

Game seed: 15318405084578580517

425 p00ps00p the Chopper (level 6, 0/58 HPs)
             Began as a Hill Orc Fighter on Oct 30, 2022.
             Was an Initiate of Gozag.
             Slain by Prince Ribbit (5 damage)
             ... on level 8 of the Dungeon.
             The game lasted 00:10:32 (3913 turns).

p00ps00p the Chopper (Hill Orc Fighter)             Turns: 3913, Time: 00:10:33

Health: 0/58       AC: 16    Str: 19    XL:     6   Next: 96%
Magic:  6/6        EV:  7    Int:  8    God:    Gozag
Gold:   214        SH:  5    Dex: 18    Spells: 5/5 levels left

rFire   . . .      SeeInvis .    a - +0 war axe
rCold   . . .      Faith    .    c - +0 buckler
rNeg    + . .      Spirit   .    v - +1 chain mail of a Billion Quests {rN+ Slay+2}
rPois   .          Reflect  .    (no helmet)
rElec   .          Harm     .    s - +0 cloak
rCorr   .          Rampage  .    (no gloves)
Will    .....                    w - +0 pair of boots
Stlth   ..........               (no amulet)
HPRegen 0.29/turn                g - +4 ring of protection
MPRegen 0.10/turn                m - +6 ring of dexterity

@: about to teleport
A: no striking features
a: Renounce Religion, Potion Petition, Call Merchant, Bribe Branch


You were on level 8 of the Dungeon.
You worshipped Gozag.
Gozag was aware of your devotion.
You visited 2 branches of the dungeon, and saw 7 of its levels.

You collected 283 gold pieces.
You paid 69 gold pieces to Gozag.

Inventory:

Hand Weapons
 a - a +0 war axe (weapon)
 r - a +4 flail
Missiles
 q - 7 poisoned darts (quivered)
 u - 4 boomerangs of dispersal
Armour
 c - a +0 buckler (worn)
 s - a +0 cloak (worn)
 v - the +1 chain mail of a Billion Quests (worn) {rN+ Slay+2}
   (You found it on level 4 of the Dungeon)

   Slay:      It affects your accuracy & damage with ranged weapons and melee
   (+2).
   rN:        It protects you from negative energy.
 w - a +0 pair of boots (worn)
Jewellery
 g - a +4 ring of protection (left hand)
 m - a +6 ring of dexterity (right hand)
Wands
 k - a wand of acid (4)
 l - a wand of polymorph (3)
Scrolls
 b - a scroll of poison {unknown}
 f - 2 scrolls of silence
 h - a scroll of teleportation
 n - a scroll of immolation {unknown}
Potions
 d - 3 potions of might
 e - a potion of magic {unknown}
 i - a potion of attraction {unknown}
 j - a potion of flight {unknown}
 t - a potion of mutation {unknown}


   Skills:
 + Level 6.9 Fighting
 + Level 6.9 Axes
 - Level 3.2 Armour
 - Level 3.2 Shields


You had 5 spell levels left.
You didn't know any spells.
Your spell library contained the following spells:

 Spells                   Type           Power      Damage    Failure   Level
 Summon Small Mammal      Summ           0%         N/A       100%        1
 Call Canine Familiar     Summ           0%         N/A       100%        3
 Inner Flame              Hex/Fire       0%         N/A       100%        3
 Summon Guardian Golem    Hex/Summ       0%         N/A       100%        3
 Cause Fear               Hex            0%         N/A       100%        4
 Blade Hands              Tmut           0%         N/A       100%        5
 Irradiate                Conj/Tmut      0%         3d11      100%        5
 Dragon Form              Tmut           0%         N/A       100%        7
 Discord                  Hex            0%         N/A       100%        8


Dungeon Overview and Level Annotations

Branches:
Dungeon (8/15)             Temple (1/1) D:4
   Lair: D:8-11

Altars:
Ashenzari
Cheibriados
Dithmenos
Elyvilon
Fedhas
Gozag
Hepliaklqana
Makhleb
Nemelex Xobeh
Ru
Sif Muna
Trog
Vehumet
Wu Jian
Xom
Zin
The Shining One

Annotations:
D:8 Prince Ribbit


Message History

Prince Ribbit hops awkwardly around.
You see here 17 gold pieces.
You miss Prince Ribbit.
Prince Ribbit hits you but does no damage. x2
You barely miss Prince Ribbit.
Prince Ribbit blinks! x2
Prince Ribbit croaks regally.
You see here 17 gold pieces.
Prince Ribbit hits you! Prince Ribbit barely misses you.
You slash Prince Ribbit!
Prince Ribbit is moderately wounded.
Prince Ribbit hops awkwardly around.
Prince Ribbit hits you but does no damage.
You barely miss Prince Ribbit.
Prince Ribbit is moderately wounded.
You block Prince Ribbit's attack. Prince Ribbit closely misses you.
You miss Prince Ribbit.
Prince Ribbit is moderately wounded.
Prince Ribbit hits you! You block Prince Ribbit's attack.
You completely miss Prince Ribbit.
Prince Ribbit is moderately wounded.
Prince Ribbit blinks!
Prince Ribbit blinks! x2
You closely miss Prince Ribbit.
Prince Ribbit is moderately wounded.
You block Prince Ribbit's attack. Prince Ribbit hits you!
You completely miss Prince Ribbit.
Prince Ribbit is moderately wounded.
Prince Ribbit hits you. Prince Ribbit hits you!
* * * LOW HITPOINT WARNING * * *
You slash Prince Ribbit!
Prince Ribbit is heavily wounded.
Prince Ribbit hits you but does no damage.
Prince Ribbit blinks!
As you read the scroll of teleportation, it crumbles to dust.
You feel strangely unstable. Prince Ribbit hits you.
* * * LOW HITPOINT WARNING * * *
Prince Ribbit hops awkwardly around.
Found a long wooden wand.
Prince Ribbit hits you.
You die...
Your body crumbles into a pile of gold.

....## ..(..##
######.#...
.~~~..#...##
~...~..#...#
~._.~...#..#
~...~..#..$####
~~..#..F....#
#...@....#
.......######
#...#..#
#>[.#..#
#.......
##..#.## #.....
#/ ..


You could see Prince Ribbit.

Vanquished Creatures
  A necrophage (D:4)
  A howler monkey (D:4)
  2 hounds (D:4)
  Ijyb (D:3)
  Crazy Yiuf (D:3)
  Natasha (thrice) (D:3)
  4 adders
  3 worms
  2 dart slugs
  6 orcs
  5 ball pythons
  6 endoplasms
  6 giant cockroaches
  8 goblins
  6 hobgoblins
  6 jackals
  4 quokkas
  A bat (D:1)
  3 frilled lizards (D:1)
  12 kobolds
  3 rats
84 creatures vanquished.

Vanquished Creatures (others)
  2 fungi (D:3)
2 creatures vanquished.

Grand Total: 86 creatures vanquished

Notes
Turn   | Place    | Note
-------+----------+-------------------------------------------
     0 | D:1      | p00ps00p the Hill Orc Fighter began the quest for the Orb.
     0 | D:1      | Reached XP level 1. HP: 19/19 MP: 1/1
    94 | D:1      | Reached XP level 2. HP: 19/27 MP: 2/2
   427 | D:1      | Reached XP level 3. HP: 34/34 MP: 3/3
   677 | D:2      | Found a faded altar of an unknown god.
  1374 | D:3      | Reached XP level 4. HP: 41/41 MP: 4/4
  1490 | D:3      | Noticed Ijyb
  1563 | D:3      | Killed Ijyb
  1564 | D:3      | Reached skill level 5 in Fighting
  2057 | D:3      | Noticed Natasha
  2062 | D:3      | Killed Natasha
  2063 | D:3      | Reached skill level 5 in Axes
  2063 | D:3      | Reached XP level 5. HP: 46/48 MP: 5/5
  2425 | D:3      | Noticed Natasha
  2430 | D:3      | Killed Natasha
  2530 | D:3      | Found a runed translucent door.
  2589 | D:3      | Noticed Crazy Yiuf
  2681 | D:3      | Noticed Natasha
  2686 | D:3      | Killed Natasha
  2791 | D:3      | Killed Crazy Yiuf
  2905 | D:4      | Reached XP level 6. HP: 57/57 MP: 6/6
  2954 | D:4      | Found a staircase to the Ecumenical Temple.
  2981 | D:4      | Identified the +1 chain mail of a Billion Quests {rN+
                  | Slay+2}
  3004 | Temple   | Entered the Ecumenical Temple
  3415 | D:4      | Found an opulent altar of Gozag.
  3444 | D:4      | Became a worshipper of Gozag Ym Sagoz the Greedy
  3718 | D:4      | Found a snail-covered altar of Cheibriados.
  3869 | D:5      | Entered Level 5 of the Dungeon
  3888 | D:5      | You fall into a shaft and drop 3 floors!
  3888 | D:8      | Found a sacrificial altar of Ru.
  3891 | D:8      | Noticed Prince Ribbit
  3913 | D:8      | Slain by Prince Ribbit

Illustrated notes

Levels and vault maps discovered:
D:1:      tarquinn_simple_flora_water_b, layout_rooms, minivault_23
D:2:      layout_basic, hellmonk_ecumenical_altar_pennies_from_heaven
D:3:      layout_basic, st_stairs_9, uniq_crazy_yiuf_cottage, uniq_ijyb,
          uniq_natasha
D:4:      minmay_spotlight, layout_cave_pools, mainiacjoe_overflow_brackets,
          mainiacjoe_overflow_small_starburst, temple_statues, hex_medium
D:5:      layout_basic, serial_shops, nicolae_stop_n_shop_1,
          due_unseen_surprise, uniq_eustachio, uniq_blork_the_orc
D:8:      layout_basic, nicolae_ru_awakened_eye, mainiacjoe_overflow_swirl,
          corexii_hall_statues_deadend, chequers_garden, uniq_prince_ribbit1,
          uniq_maggie, uniq_grum
Temple:   eino_narrow_crystal_temple

Skill      XL: |  1  2  3  4  5  6 |
---------------+-------------------+-----
Axes           | 3 4 5 6 |  6.9
Fighting       | 4 5 6 |  6.9
Armour         | |  3.2
Shields        | |  3.2

Action                   |  1- 3 |  4- 6 || total
-------------------------+-------+-------++-------
Melee: War axe           |    86 |   129 ||   215
       Unarmed           |       |    19 ||    19
Evoke: Wand              |       |     3 ||     3
  Use: Scroll            |       |     3 ||     3
Armor: Scale mail        |    50 |    27 ||    77
       Chain mail        |       |    48 ||    48
Dodge: Dodged            |    35 |    55 ||    90
Block: Buckler           |    23 |    38 ||    61

Table legend: (Time is in decaauts)
 A = Elapsed time spent in this place.
 B = Non-inter-level travel time spent in this place.
 C = Inter-level travel time spent in this place.
 D = Time resting spent in this place.
 E = Time spent auto-exploring this place.
 F = Levels seen in this place.
 G = Mean time per level.
                   A        B        C        D        E       F      G
               +--------+--------+--------+--------+--------+-----+--------+
         Total |   3961 |   3741 |    220 |    430 |   2423 |   7 |  565.9 |
       Dungeon |   3737 |   3559 |    178 |    430 |   2249 |   6 |  622.8 |
        Temple |    223 |    181 |     42 |      0 |    174 |   1 |  223.0 |
               +--------+--------+--------+--------+--------+-----+--------+

Top non-repeatable levels by time:
     D:3: 1616 daAuts
     D:2: 773 daAuts
     D:4: 765 daAuts
     D:1: 536 daAuts
  Temple: 223 daAuts
     D:8: 26 daAuts
     D:5: 18 daAuts
